 Dungeon Crawl Stone Soup version 0.29-a0-845-g6161e89988 (webtiles) character file.

Game seed: 2524722097417792072

4305 spaghetti the Nimble (level 10, 0/115 HPs)
             Began as a Djinni Transmuter on July 15, 2022.
             Was a Follower of Cheibriados.
             Slain by a wolf (8 damage)
             ... led by Grum
             ... on level 9 of the Dungeon.
             The game lasted 00:12:10 (7507 turns).

spaghetti the Nimble (Djinni Transmuter)            Turns: 7507, Time: 00:12:11

Health: 0/115      AC:  9    Str: 11    XL:     10   Next: 58%
Gold:   405        EV: 19    Int: 22    God:    Cheibriados [*.....] SH:  3 Dex: 15

rFire   + + +      SeeInvis .   b - +7 rapier of Paptap {freeze, rF+, short}
rCold   x . .      Faith    .   v - +0 buckler
rNeg    . . .      Spirit   .   C - +2 acid dragon scales rPois โˆž Reflect .
                                (no helmet)
rElec   .          Harm     .   (no cloak)
rCorr   +          Rampage  .   B - +0 pair of gloves
Will    +....                   (boots unavailable)
Stlth   ..........              (no amulet)
HPRegen 0.29/turn               d - ring of wizardry
MPRegen 0.00/turn               x - +4 ring of evasion

@: berserking, flying, very slow
A: sickness immunity, fire resistance 2, cold vulnerability 1, float, innate
caster, HP casting, extra vitality 1
a: Renounce Religion, Bend Time


You were on level 9 of the Dungeon.
You worshipped Cheibriados.
Cheibriados was aware of your devotion.
You visited 2 branches of the dungeon, and saw 9 of its levels.
You also visited: Ossuary.

You collected 405 gold pieces.


Innate Abilities, Weirdness & Mutations

You are immune to sickness and miasma.
You are immune to poison.
Your flesh is very heat resistant. (rF++)
You are vulnerable to cold. (rC-)
You float through the air rather than walking.
You learn spells naturally, not from books.
Your magical power is your life essence.
You have superior vitality. (+4 MHP)


   Skills:
 + Level 8.4 Fighting
 + Level 9.4 Dodging
 - Level 4.0 Unarmed Combat
 + Level 6.6 Spellcasting


You had 4 spell levels left.
You knew the following spells:

 Your Spells              Type           Power      Damage    Failure   Level
a - Beastly Appendage     Tmut           72%        N/A       1%          1
b - Wereblood             Tmut           36%        N/A       1%          2
c - Spider Form           Tmut/Pois      36%        N/A       1%          3
d - Ice Form              Ice/Tmut       36%        N/A       4%          4
e - Sandblast             Erth           72%        2d16      1%          1
f - Searing Ray           Conj           72%        2d7       1%          2
g - Call Imp              Summ           36%        N/A       1%          2
h - Vampiric Draining     Necr           36%        2d8       1%          3
Your spell library was empty.

Inventory:

Hand Weapons
 a - a +2 sling of flaming
   (You found it on level 2 of the Dungeon)
 b - the +7 rapier of Paptap (weapon) {freeze, rF+, short}
   (You found it in an ossuary)

   It freezes those it strikes, dealing additional cold damage.
   It can also slow down cold-blooded creatures.
   rF:        It protects you from fire.
Missiles
 c - 10 poisoned darts {throwing}
 m - 47 stones {throwing}
 E - 6 silver boomerangs {throwing}
Armour
 n - a +2 leather armour of fire resistance
   (You found it on level 3 of the Dungeon)
 v - a +0 buckler (worn)
   (You took it off a tengu conjurer on level 9 of the Dungeon)
 B - a +0 pair of gloves (worn)
   (You found it on level 5 of the Dungeon)
 C - +2 acid dragon scales (worn)
   (You took it off Maggie on level 9 of the Dungeon)
Magical Staves
 q - a staff of earth {!astaff}
   (You found it on level 3 of the Dungeon)
Jewellery
 d - a ring of wizardry (left hand)
   (You found it on level 1 of the Dungeon)
 h - a +6 ring of strength
   (You found it on level 1 of the Dungeon)
 x - a +4 ring of evasion (right hand)
   (You found it on level 4 of the Dungeon)
Wands
 s - a wand of polymorph (7)
   (You found it in an ossuary)
 D - a wand of digging (6)
   (You found it on level 8 of the Dungeon)
Scrolls
 e - 4 scrolls of teleportation {@r4}
 f - 4 scrolls of vulnerability {!r!r}
 i - 2 scrolls of immolation {!r!r}
 o - 2 scrolls of enchant weapon
 u - a scroll of noise {!r}
 y - 2 scrolls of identify {@r1}
Potions
 g - a potion of flight
 j - 7 potions of curing {@q1}
 l - 3 potions of attraction {unknown}
 p - 2 potions of magic {unknown}
 r - 8 potions of heal wounds {unknown}
 t - 3 potions of mutation {unknown}
 w - 3 potions of might {unknown}
 z - 3 potions of cancellation {unknown}

Dungeon Overview and Level Annotations

Branches:
Dungeon (9/15) Zot: 39763  Temple (1/1) D:6 Zot: 8812 Ossuary (visited)
   Lair: D:8-11         Orc: D:9-12

Altars:
Ashenzari
Cheibriados
Dithmenos
Elyvilon
Fedhas
Gozag
Hepliaklqana
Nemelex Xobeh
Okawaru
Qazlal
Ru
Trog
Uskayaw
Xom
Yredelemnul
The Shining One

Annotations:
D:9 Grum

#..ยฐ...#
#..B[..# #......#
#......#
#......####
#..$...[...
#####).zhh.##...
#..).)ยงz@h..hg..
#.#########.#.#.
#.# #5# #z#
#z#####
#######B#...#
z..z......# ..
#######...# .#


You could see a boulder beetle (rolling), Grum, 4 wolves and 2 wights.


Message History

๐Ÿ˜จ HP[+1]
The boulder beetle hits your crimson imp!
The boulder beetle stops rolling and uncurls.
Your crimson imp hits the boulder beetle but does no damage.
The boulder beetle closely misses your crimson imp.
You warm up again.
The +7 rapier of Paptap {freeze, rF+, short} unmelds from your body.
Your +0 pair of gloves unmelds from your body.
Your +0 buckler unmelds from your body.
Your +2 acid dragon scales unmelds from your body.
The +7 rapier of Paptap {freeze, rF+, short} glows with a cold blue light!
Your crimson imp hits the boulder beetle but does no damage.
The boulder beetle barely misses your crimson imp.
Your crimson imp hits the boulder beetle but does no damage. ๐Ÿ˜จ HP[-5]
You now have 77 max hp (-15).
You howl as the wereblood boils in your veins!
The boulder beetle closely misses your crimson imp.
Your crimson imp hits the boulder beetle but does no damage.
A wolf comes into view.
The boulder beetle leaps!
Aiming: Iceblast
Press: ? - help, Shift-Dir - straight line, f - boulder beetle
Aim: a boulder beetle (heavily wounded, ally target)
The mass of ice explodes!
The iceblast engulfs the boulder beetle!
The now-empty wand crumbles to dust.
Your primal bloodlust is almost over.
You hear an angry growl.
Your crimson imp blinks!
You don't have any such object.
Evoke which item? (* to show all) (? for menu, Esc to quit)
Okay, then.
It was a potion of flight.
You feel more buoyant.
A wolf comes into view.
The boulder beetle barely misses you. ๐Ÿ˜จ HP[+1] It was a potion of berserk rage.
A red film seems to cover your vision as you go berserk!
Cheibriados protects you from inadvertent hurry.
You feel mighty!
A wolf comes into view.
The boulder beetle bites you but does no damage. ๐Ÿ˜จ HP[+14]
You now have 115 max hp (+38).
You regained 14 hp, and now have 43/115 hp.
You hit the boulder beetle but do no damage.
You howl as the wereblood boils in your veins!
The wolf barely misses you. The boulder beetle bites you!
* * * LOW HITPOINT WARNING * * *
๐Ÿ˜จ HP[-11]
You take 11 damage, and now have 32/115 hp.
You barely miss the boulder beetle. The wolf bites you!
* * * LOW HITPOINT WARNING * * *
Grum the Hunter comes into view.
He is wielding a -1 spear.
The wight closely misses your crimson imp.
The boulder beetle closely misses you. The wolf misses you.
Your crimson imp hits the boulder beetle but does no damage. ๐Ÿ˜ฑ HP[-8]
You take 8 damage, and now have 24/115 hp.
Unknown command.
You catch the helpless boulder beetle completely off-guard!
You puncture the boulder beetle! You freeze the boulder beetle.
Your primal bloodlust has ended.
The wolf misses you.
A wolf comes into view.
The boulder beetle bites you!
* * * LOW HITPOINT WARNING * * *
The wight hits your crimson imp with a +5 great sword!!
Your crimson imp dies!
Your crimson imp disappears in a puff of smoke!
The wolf bites you.
* * * LOW HITPOINT WARNING * * *
The wolf barely misses you. ๐Ÿ˜ฑ HP[-10]
You take 10 damage, and now have 14/115 hp.
Unknown command.
You barely miss the boulder beetle.
The wolf howls!
The wolf misses you. The wolf closely misses you. The wolf misses you.
The boulder beetle leaps!
The wolf bites you but does no damage. The wolf barely misses you.
The wolf bites you.
* * * LOW HITPOINT WARNING * * *
The boulder beetle curls into a ball and begins rolling!
The wight misses you. ๐Ÿ˜ฑ HP[-4]
You take 4 damage, and now have 10/115 hp.
You closely miss the wolf. The wolf bites you but does no damage.
The wolf completely misses you. The wolf bites you but does no damage.
The wolf misses you. The wolf bites you.
* * * LOW HITPOINT WARNING * * *
The wolf closely misses you. The wight barely misses you.
The wight hits you with a +0 dagger.
* * * LOW HITPOINT WARNING * * *
Grum shouts, "Bowser!
Good boy!" ๐Ÿ˜ฑ HP[-2]
You take 2 damage, and now have 8/115 hp.
You closely miss the wolf. The wolf bites you!
You die...

Skill      XL: |  1  2  3  4  5  6  7  8  9 10 |
---------------+-------------------------------+-----
Spellcasting   | 2 3 4 6 |  6.6
Fighting       | 2 3 4 5 7 8 |  8.4
Dodging        | 3 4 5 6 8 9 |  9.4
Unarmed Combat | 4 |  4.0

Action                   |  1- 3 |  4- 6 |  7- 9 | 10-12 || total
-------------------------+-------+-------+-------+-------++-------
Melee: Unarmed           |    56 |    64 |   150 |    29 ||   299
       Punch             |     3 |       |     1 |       ||     4
       Headbutt          |     4 |       |       |       ||     4
       Rapier            |       |       |   121 |     6 ||   127
 Fire: Sling             |    28 |    11 |       |       ||    39
 Cast: Beastly Appendage |     7 |     1 |       |       ||     8
       Wereblood         |     1 |     7 |    13 |     1 ||    22
       Spider Form       |     1 |     3 |     5 |       ||     9
       Ice Form          |       |     3 |     5 |     3 ||    11
       Call Imp          |       |       |     3 |     4 ||     7
Evoke: Wand              |       |       |       |     7 ||     7
  Use: Potion            |     3 |       |       |     2 ||     5
       Scroll            |     3 |       |     9 |       ||    12
 Stab: Distracted        |       |       |       |     1 ||     1
Armor: Skin              |     6 |    13 |    15 |    11 ||    45
       Robe              |    14 |       |       |       ||    14
       Leather armour    |     1 |     6 |    29 |       ||    36
       Acid dragon scale |       |       |       |     4 ||     4
Dodge: Dodged            |    45 |    32 |   270 |    40 ||   387

Levels and vault maps discovered:
D:1:      lightli_arrival_statuegarden, layout_rooms,
          shapermc_ecumenical_altar_venn
D:2:      layout_rooms
D:3:      layout_loops_ring, lightli_corner_chamber, uniq_sigmund
D:4:      layout_basic, mainiacjoe_overflow_six_doors_small,
          nicolae_ossuary_entry_ruins, minmay_vboxes
D:5:      layout_loops_cross, roderic_batcave
D:6:      layout_basic, lemuel_tele_altar, minmay_temple_entry_hall,
          minmay_misc_feat_four_crosses
D:8:      layout_basic, minivault_11
D:9:      layout_basic, pdpol_wu_jian_five_deadly_venoms, lair_entry_dummy,
          kb_rosetta, uniq_maggie, uniq_grum
Temple:   nicolae_temple_two_arcs

Notes
Turn   | Place    | Note
-------+----------+-------------------------------------------
     0 | D:1      | spaghetti the Djinni Transmuter began the quest for the
                  | Orb.
     0 | D:1      | spaghetti set off with the following spells memorised:
                  | Beastly Appendage, Wereblood, Spider Form, Ice Form.
     0 | D:1      | Reached XP level 1. HP: 17/17 MP: 0/0
     0 | D:1      | magus.rc [v1.9.6]
   169 | D:1      | Found a faded altar of an unknown god.
   480 | D:2      | Reached XP level 2. HP: 16/22 MP: 0/0
   603 | D:2      | HP: 1/22 [worm (8)]
  1141 | D:2      | Reached XP level 3. HP: 27/27 MP: 0/0
  1141 | D:2      | Learned a level 1 spell: Sandblast
  1631 | D:2      | Reached skill level 2 in Spellcasting
  1932 | D:3      | Noticed Sigmund
  1944 | D:3      | Killed Sigmund
  1945 | D:3      | Reached skill level 2 in Fighting
  1945 | D:3      | Reached skill level 3 in Dodging
  1945 | D:3      | Reached skill level 4 in Unarmed Combat
  1945 | D:3      | Reached XP level 4. HP: 14/34 MP: 0/0
  1945 | D:3      | Reached XP level 5. HP: 17/40 MP: 0/0
  1945 | D:3      | Learned a level 2 spell: Searing Ray
  1945 | D:3      | Reached XP level 6. HP: 19/45 MP: 0/0
  2425 | D:3      | Noticed a black bear
  2605 | D:4      | Found a sand-covered staircase.
  2615 | Ossuary  | Entered an ossuary
  2665 | Ossuary  | Reached skill level 3 in Fighting
  2683 | Ossuary  | Reached skill level 4 in Dodging
  2774 | Ossuary  | Reached skill level 3 in Spellcasting
  2805 | Ossuary  | Reached XP level 7. HP: 50/50 MP: 0/0
  2805 | Ossuary  | Learned a level 2 spell: Call Imp
  2838 | Ossuary  | Identified the +7 rapier of Paptap {freeze, rF+}
  2960 | D:4      | Reached skill level 4 in Fighting
  3089 | D:4      | Found a stormy altar of Qazlal.
  3343 | D:4      | Reached skill level 5 in Dodging
  3603 | D:5      | Entered Level 5 of the Dungeon
  3618 | D:5      | Reached XP level 8. HP: 37/58 MP: 0/0
  4185 | D:5      | Noticed a yak
  4185 | D:5      | Noticed a yak
  4185 | D:5      | Noticed a yak
  4185 | D:5      | Noticed a yak
  4186 | D:5      | Noticed a yak
  4186 | D:5      | Noticed a yak
  4197 | D:5      | Killed a yak
  4198 | D:5      | Reached skill level 5 in Fighting
  4198 | D:5      | Reached skill level 6 in Dodging
  4198 | D:5      | Reached skill level 4 in Spellcasting
  4206 | D:5      | Killed a yak
  4219 | D:5      | Killed a yak
  4225 | D:5      | Killed a yak
  4226 | D:5      | Reached XP level 9. HP: 48/66 MP: 0/0
  4226 | D:5      | Learned a level 3 spell: Vampiric Draining
  4243 | D:5      | Reached skill level 6 in Fighting
  4243 | D:5      | Reached skill level 7 in Dodging
  4253 | D:5      | Reached skill level 5 in Spellcasting
  4586 | D:5      | Identified the +4 ring mail of the Shore {rPois Will+
                  | Dex-2}
  5058 | D:6      | Found a staircase to the Ecumenical Temple.
  5094 | Temple   | Entered the Ecumenical Temple
  5212 | Temple   | Became a worshipper of Cheibriados the Contemplative
  5770 | D:6      | You are sucked into a shaft and drop 2 floors!
  5990 | D:8      | Reached skill level 7 in Fighting
  6194 | D:8      | Reached skill level 8 in Dodging
  6929 | D:9      | Noticed a tengu warrior
  6942 | D:9      | HP: 18/81 [tengu warrior/arrow (9)]
  6945 | D:9      | Killed a tengu warrior
  6946 | D:9      | Reached skill level 6 in Spellcasting
  6946 | D:9      | Reached XP level 10. HP: 21/76 MP: 0/0
  7227 | D:9      | Noticed Maggie
  7234 | D:9      | Noticed a deep elf pyromancer
  7238 | D:9      | Killed Maggie
  7239 | D:9      | Reached skill level 8 in Fighting
  7239 | D:9      | Reached skill level 9 in Dodging
  7241 | D:9      | Killed a deep elf pyromancer
  7458 | D:9      | Noticed a boulder beetle
  7476 | D:9      | Reached * piety under Cheibriados
  7503 | D:9      | HP: 24/115 [wolf[Grum] (9)]
  7503 | D:9      | Noticed Grum
  7505 | D:9      | HP: 10/115 [wolf[Grum] (5)]
  7507 | D:9      | Slain by a wolf

Vanquished Creatures
  A deep elf pyromancer (D:9)
  Maggie (D:9)
  A tengu conjurer (D:9)
  Sigmund (D:3)
  6 yaks (D:5)
  2 steam dragons (D:8)
  2 centaurs
  A phantom (D:5)
  2 bullfrogs
  A necrophage (D:6)
  A gnoll sergeant (D:8)
  A scorpion (D:5)
  4 water moccasin zombies (Ossuary)
  A wight (D:9)
  A howler monkey (D:5)
  3 jellies
  A hound (D:4)
  A gnoll bouda (D:6)
  An iguana (D:4)
  2 orc wizards
  2 mummies (Ossuary)
  9 gnolls
  6 adders
  A shadow imp (D:5)
  A white imp (D:5)
  3 ufetubi
  5 adder zombies (Ossuary)
  2 worms
  A dart slug (D:5)
  18 orcs
  11 bats
  An endoplasm (D:2)
  2 giant cockroaches
  A gnoll zombie (Ossuary)
  4 goblins
  4 hobgoblins
  2 quokkas
  3 ball pythons
  A frilled lizard (D:2)
  2 hobgoblin zombies (Ossuary)
  5 kobolds
  7 kobold zombies (Ossuary)
  3 orc zombies (Ossuary)
  5 rats
133 creatures vanquished.

Vanquished Creatures (collateral kills)
  A tengu warrior (D:9)
  A steam dragon (D:6)
  An iguana (D:6)
3 creatures vanquished.

Vanquished Creatures (others)
  A white imp (D:6)
1 creature vanquished.

Grand Total: 137 creatures vanquished

Table legend:
 A = Non-vault XP
 B = Vault XP
 C = Vault XP percentage of total XP
 D = Non-vault monster count
 E = Vault monster count
 F = Vault count percentage of total count
                 A         B        C        D         E       F
            +---------+---------+-------+---------+---------+-------
      Total |    3298 |    2852 |  46.4 |      95 |      41 |  30.1
            +---------+---------+-------+---------+---------+-------
        D:1 |       4 |       0 |   0.0 |       3 |       0 |   0.0
        D:2 |      49 |       0 |   0.0 |      15 |       0 |   0.0
        D:3 |      37 |     223 |  85.8 |      16 |       1 |   5.9
        D:4 |     127 |      85 |  40.1 |       9 |       5 |  35.7
        D:5 |    1713 |       8 |   0.5 |      22 |       7 |  24.1
        D:6 |     489 |       0 |   0.0 |      11 |       0 |   0.0
        D:8 |     676 |       0 |   0.0 |      14 |       0 |   0.0
        D:9 |     203 |    2152 |  91.4 |       5 |       4 |  44.4
    Ossuary |       0 |     384 | 100.0 |       0 |      24 | 100.0
            +---------+---------+-------+---------+---------+-------

Illustrated notes

Table legend:
 A = Kills in this place as a percentage of kills in entire the game.
 B = Kills by you in this place as a percentage of kills by you in the entire game.
 C = Kills by friends in this place as a percentage of kills by friends in the entire game.
 D = Other kills in this place as a percentage of other kills in the entire game.
 E = Experience gained in this place as a percentage of experience gained in the entire game.
 F = Experience gained in this place divided by the number of levels of this place that you have seen.
                   A       B       C       D       E      F
               +-------+-------+-------+-------+-------+----------------------
         Total | 100.0 | 100.0 | 100.0 |   N/A | 100.0 | 615.0
       Dungeon |  82.4 |  82.0 | 100.0 |   N/A |  93.8 | 720.8
       Ossuary |  17.6 |  18.0 |   0.0 |   N/A |   6.2 | 384.0
               +-------+-------+-------+-------+-------+----------------------

Table legend: (Time is in decaauts)
 A = Elapsed time spent in this place.
 B = Non-inter-level travel time spent in this place.
 C = Inter-level travel time spent in this place.
 D = Time resting spent in this place.
 E = Time spent auto-exploring this place.
 F = Levels seen in this place.
 G = Mean time per level.
                   A        B        C        D        E       F      G
               +--------+--------+--------+--------+--------+-----+--------+
         Total |   7840 |   7565 |    275 |    807 |   5667 |  10 |  784.0 |
       Dungeon |   7464 |   7199 |    265 |    747 |   5507 |   8 |  933.0 |
        Temple |    128 |    119 |      9 |      0 |     84 |   1 |  128.0 |
       Ossuary |    248 |    248 |      0 |     60 |     76 |   1 |  248.0 |
               +--------+--------+--------+--------+--------+-----+--------+

Top non-repeatable levels by time:
     D:5: 1290 daAuts
     D:8: 1243 daAuts
     D:3: 943 daAuts
     D:2: 933 daAuts
     D:6: 826 daAuts
     D:4: 752 daAuts
     D:1: 739 daAuts
     D:9: 734 daAuts
 Ossuary: 248 daAuts
  Temple: 128 daAuts
